Unix NetHack Version 3.7.0-66 Work-in-progress - last build Dec 26 2022 05:50:31 (55254d10815e23f0e7c0ebc937178fe17f3ffff8,branch:master). Game began 2023-01-04 19:09:00, ended 2023-01-05 02:13:32. Kontroller, lawful male human Knight ---------- ---------- `########## |........| |......... -------# .........| |.....<..| |.....|# |........-#### ----.--...-. |........| |.....+## --------.- ######............ |........| |.....|# ## ##### ...........| |........| |.....|# #### ###-.(........| |.........###### #......|# ### |........>.| ---------- `###.%.....################@#########...........| #-------# -------- ----...----- ############-(.....| #### # |......| #*# ####|......| |......| |......| -------- Kontroller the Esquire St:16 Dx:7 Co:11 In:9 Wi:12 Ch:18 Lawful S:1431 Dlvl:6 $:77 HP:0(35) Pw:32(32) AC:-1 Xp:5/261 T:2756 Burdened Blind Latest messages: The gecko bites! You kill the gecko! With great effort you move the boulder. You try to move the boulder, but in vain. You try to move the boulder, but in vain. You try to move the boulder, but in vain. You hear rumbling in the distance. The boulder hits the gecko! The gecko is killed! You are beginning to feel hungry. You see here a large box. You stop. The dwarf is in the way! You swap places with the peaceful dwarf. You swap places with the peaceful dwarf. You see here a large box. Hmmm, the large box turns out to be locked. Ouch! You bump into a door. The door resists! The door opens. You are beginning to feel weak. What do you want to eat? [cghFO or ?*] c This food really hits the spot! You finish eating the food ration. The yellow light explodes! You are blinded by a blast of light! What do you want to eat? [ghFO or ?*] h This carrot is delicious! You can see again. You fall down the stairs. You climb up the stairs. You remember this level as saddle. You swap places with the peaceful dwarf. The yellow light explodes! You are blinded by a blast of light! It hits! You hit it. It hits! You hear crashing rock. It misses! You hit it. You miss it. It hits! You hit it. It hits! You die... Do you want your possessions identified? [ynq] (y) y Do you want to see your attributes? [ynq] (y) y Do you want an account of creatures vanquished? [ynaq] (y) y Do you want to see your conduct and achievements? [ynq] (y) y Do you want to see the dungeon overview? [ynq] (y) y Inventory: Coins $ - 77 gold pieces Weapons w - 11 blessed +5 ya o - a +0 bow a - a +1 long sword (weapon in hand) b - a cursed -2 scimitar Armor d - an uncursed +0 helmet (being worn) f - an uncursed +0 pair of leather gloves (being worn) E - an uncursed +0 pair of low boots (being worn) e - an uncursed +0 small shield (being worn) H - an uncursed +0 cloak of invisibility q - an uncursed +0 plate mail (being worn) Comestibles g - 2 uncursed apples h - 11 uncursed carrots F - an uncursed fortune cookie O - an uncursed tripe ration Scrolls i - an uncursed scroll of create monster P - 2 uncursed scrolls of identify l - an uncursed scroll of stinking cloud Spellbooks k - an uncursed spellbook of extra healing Potions Q - an uncursed potion of booze B - an uncursed potion of confusion N - a cursed potion of confusion r - an uncursed potion of paralysis y - an uncursed potion of paralysis Rings j - a blessed +1 ring of adornment Wands m - a wand of digging (0:6) Gems/Stones R - an uncursed obsidian stone C - an uncursed worthless piece of violet glass n - an uncursed worthless piece of white glass z - an uncursed worthless piece of yellowish brown glass Kontroller the Knight's attributes: Background: You were an Esquire, a level 5 male human Knight. You were lawful, on a mission for Lugh who was opposed by Brigit (neutral) and Manannan Mac Lir (chaotic). You were in the Dungeons of Doom, on level 6. You entered the dungeon 2756 turns ago. It was nighttime. You had 261 experience points, 59 more were needed to attain level 6. Your score was 1431 before end-of-game adjustments. Basics: You had 0 out of 35 hit points. You had all 32 energy points (spell power). Your armor class was -1. Your wallet contained 77 zorkmids. Autopickup was off. FinalCharacteristics: Your strength was 16 (limit:18/100). Your dexterity was 7 (peak:8, limit:18). Your constitution was 11 (limit:18). Your intelligence was 9 (limit:18). Your wisdom was 12 (limit:18). Your charisma was 18 (limit:18). Final Status: You were temporarily blind. You were not hungry. You were burdened; movement was slightly slowed. You were wielding a long sword. You had basic skill with long sword. Final Attributes: You were piously aligned. You could jump. You were guarded. You are dead. Miscellaneous: You never encountered a bones level. Total elapsed playing time was 35 minutes and 37 seconds. Major events: Turn 1: Kontroller the lawful male human Knight entered the dungeon 430: attained the rank of Esquire (level 3) 2756: killed by a gnome lady Vanquished creatures: a leprechaun a dingo a rock mole a pony a fog cloud 2 yellow lights an elf zombie a giant ant a floating eye 2 homunculi 2 hill orcs a rothe 2 giant bats 2 orc zombies a werejackal an iguana 2 yellow molds a gnome zombie 2 geckos 11 jackals a fox a kobold 4 goblins 2 sewer rats 2 grid bugs 5 lichens 6 newts 58 creatures vanquished. No species were genocided or became extinct. Voluntary challenges: You read items or engraved 1 time. You never engraved Elbereth. You never genocided any monsters. You never polymorphed an object. You never changed form. You used no wishes. Achievements: You attained the rank of Esquire. You entered a shop. The Dungeons of Doom: levels 1 to 7 Level 1: Some fountains. Level 2: Some fountains. Level 3: A general store, an altar, a fountain. Level 4: Many shops, a fountain. Level 5: Level 6: "saddle" <- You were here. Final resting place for you, killed by a gnome lady. Level 7: Game over: ---------- / \ / REST \ / IN \ / PEACE \ / \ | Kontroller | | 77 Au | | killed by a | | gnome lady | | | | | | 2023 | *| * * * | * _________)/\\_//(\/(/\)/\//\/|_)_______ Fare thee well Kontroller the Knight... You died in The Dungeons of Doom on dungeon level 6 with 1424 points, and 77 pieces of gold, after 2756 moves. You were level 5 with a maximum of 35 hit points when you died.